 Dungeon Crawl Stone Soup version 0.26-a0-541-g3b3d21e777 (webtiles) character file.

Game seed: 3532560725561402047

9 Chifra the Cudgeler (level 2, 16/22 HPs)
             Began as a Demonspawn Gladiator on Aug 16, 2020.
             Quit the game on level 1 of the Dungeon on Sept 12, 2020.
             The game lasted 00:02:48 (293 turns).

Chifra the Cudgeler (Demonspawn Gladiator)           Turns: 293, Time: 00:02:49

Health: 16/22      AC:  7    Str: 14    XL:     2   Next: 3%
Magic:  2/2        EV: 10    Int:  9    God:
Gold:   0          SH:  0    Dex: 14    Spells: 1/1 levels left

rFire    . . .     SeeInvis .   a - +0 flail
rCold    . . .     Faith    .   (no shield)
rNeg     . . .     Spirit   .   g - +0 scale mail (curse)
rPois    .         Reflect  .   c - +0 helmet
rElec    .         Harm     .   (no cloak)
rCorr    .                      (no gloves)
MR       .....                  (no boots)
Stlth    ..........             (no amulet)
HPRegen  0.07/turn              (no ring)
MPRegen  0.08/turn              (no ring)

@: no status effects
A: talons 1
a: no special abilities


You were on level 1 of the Dungeon.
You visited 1 branch of the dungeon, and saw 1 of its levels.

Inventory:

Hand Weapons
 a - a +0 flail (weapon)
Missiles
 d - 3 throwing nets (quivered)
Armour
 b - a +0 leather armour
 c - a +0 helmet (worn)
 g - a cursed +0 scale mail (worn)
 h - a +1 leather armour of poison resistance
Scrolls
 e - a scroll of teleportation {unknown}
 f - a scroll of identify {unknown}


   Skills:
 + Level 2.2 Fighting
 + Level 2.9 Maces & Flails
 - Level 1.7 Throwing
 + Level 0.1 Armour
 + Level 2.8 Dodging


You had one spell level left.
You didn't know any spells.
Your spell library was empty.

Dungeon Overview and Level Annotations

Branches:
Dungeon (1/15)

Altars:


Innate Abilities, Weirdness & Mutations

You have sharp toenails.


Message History

The frilled lizard is heavily wounded.
The bat closely misses you. The rat closely misses you.
The frilled lizard closely misses you.
You hit the frilled lizard.
You kill the frilled lizard!
The rat misses you. The bat barely misses you. The rat barely misses you.
Quiver which item? (- for none, * to show all) (? for menu, Esc to quit)
Okay, then.
You aren't carrying any potions.
Quiver which item? (- for none, * to show all) (? for menu, Esc to quit)
Okay, then.
Save game and exit?
Welcome back, Chifra the Demonspawn Gladiator.
Press ? for a list of commands and other information.
Quiver which item? (- for none, * to show all) (? for menu, Esc to quit)
Okay, then.
You aren't carrying any potions.
Quiver which item? (- for none, * to show all) (? for menu, Esc to quit)
Okay, then.
Are you sure you want to abandon this character and quit the game? (Confirm with "yes".)

#. #. .#.##.
#............#+######
#.$................)###.
.......^................
.....#.........>........
........................
.......##.###.!r........
.(........#..$.†@...###.......
.....######...b.....# #.......
#.#..†...........#### #..)... #
#.####....$....# #....# #.#
#.........# #....# #.#
#........## #....#
#.###################....######
#..............................
###############################


You could see a bat and a rat.

Vanquished Creatures
  A dart slug (D:1)
  A giant cockroach (D:1)
  A goblin (D:1)
  A hobgoblin (D:1)
  2 frilled lizards (D:1)
  A rat (D:1)
7 creatures vanquished.

Notes
Turn   | Place    | Note
-------+----------+-------------------------------------------
     0 | D:1      | Chifra the Demonspawn Gladiator began the quest for the
                  | Orb.
     0 | D:1      | Reached XP level 1. HP: 16/16 MP: 1/1
   269 | D:1      | Gained mutation: You have sharp toenails. [demonic
                  | ancestry]
   269 | D:1      | Reached XP level 2. HP: 17/22 MP: 2/2
   293 | D:1      | Quit the game

Illustrated notes

Levels and vault maps discovered:
D:1:      dpeg_cavernosity, layout_basic

Action                   || total
-------------------------++-------
Melee: Flail             ||    29
       Kick              ||     1
Armor: Scale mail        ||    22
       Leather armour    ||     5
Dodge: Dodged            ||    27

Table legend: (Time is in decaauts)
 A = Elapsed time spent in this place.
 B = Non-inter-level travel time spent in this place.
 C = Inter-level travel time spent in this place.
 D = Time resting spent in this place.
 E = Time spent auto-exploring this place.
 F = Levels seen in this place.
 G = Mean time per level.
                   A        B        C        D        E       F      G
               +--------+--------+--------+--------+--------+-----+--------+
         Total |    300 |    300 |      0 |      0 |      0 |   1 |  300.0 |
       Dungeon |    300 |    300 |      0 |      0 |      0 |   1 |  300.0 |
               +--------+--------+--------+--------+--------+-----+--------+

Top non-repeatable levels by time:
     D:1: 300 daAuts
